 Dungeon Crawl Stone Soup version 0.31.0-11-ge490571c62 (webtiles) character file.

Game seed: 14762320136314435528

85 qw the Shooter (level 4, 0/22 HPs)
             Began as a Spriggan Hunter on Feb 3, 2024.
             Succumbed to Terence's poison
             ... on level 2 of the Dungeon.
             The game lasted 00:00:05 (1423 turns).

qw the Shooter (Spriggan Hunter)                    Turns: 1423, Time: 00:00:06

Health: 0/22       AC:  7    Str:  7    XL:     4   Next: 25%
Magic:  5/5        EV: 20    Int: 10    God:
Gold:   35         SH:  0    Dex: 20    Spells: 3/3 levels left

rFire   . . .        a - +2 shortbow
rCold   + . .        (shield currently unavailable)
rNeg    . . .        c - +0 robe
rPois   .            (helmet restricted)
rElec   .            j - +0 cloak
rCorr   .            (gloves unavailable)
SInv    +            (boots unavailable)
Will    .....        (no amulet)
Stlth   ++           e - ring of protection from cold
HPRegen 0.23/turn    k - +4 ring of protection
MPRegen 0.09/turn

%: no passive effects
@: lethally poisoned (0 -> -2), very quick
A: very small, no large weapons, unfitting armour, see invisible, speed 3
a: no special abilities


You were on level 2 of the Dungeon.
You visited 1 branch of the dungeon, and saw 2 of its levels.

You collected 35 gold pieces.


Innate Abilities, Weirdness & Mutations

You are very small and have problems with some larger weapons.
You are too small for most types of armour.
You have supernaturally acute eyesight. (SInv)
You cover ground extremely quickly. (Speed+++)


   Skills:
 - Level 1.5 Fighting
 - Level 5.0 Ranged Weapons
 + Level 4.6 Dodging
 - Level 1.5 Stealth


You had 3 spell levels left.
You didn't know any spells.
Your spell library was empty.

Inventory:

Hand Weapons
 a - a +2 shortbow (weapon)
Armour
 c - a +0 robe (worn)
 j - a +0 cloak (worn)
Jewellery
 e - a ring of protection from cold (left hand)
 k - a +4 ring of protection (right hand)
Potions
 d - 2 potions of curing
 i - a potion of resistance {unknown}

Dungeon Overview and Level Annotations

Branches:
Dungeon (2/15)

Altars:

Shops:
D:1 *


Message History

The stream of webbing hits you but does no damage.
You are caught in a web!
The web tears apart.
Terence barely misses you. The ribbon worm barely misses you.
You shoot an arrow. The arrow hits Terence!
Terence is almost dead.
Terence hits you but does no damage.
You are poisoned.
The ribbon worm closely misses you. Terence barely misses you.
You shoot an arrow. The arrow hits Terence.
Terence is almost dead.
You feel very sick. The ribbon worm closely misses you.
Terence hits you with a +2 short sword of venom.
You are lethally poisoned!
You shoot an arrow. The arrow hits Terence.
You kill Terence!
You feel very sick.
The ribbon worm expels a string of sticky webbing.
The stream of webbing hits you but does no damage.
You are caught in a web!
You have reached level 4!
The web tears apart.
You feel very sick. The ribbon worm barely misses you.
You shoot an arrow. The arrow hits the ribbon worm.
The ribbon worm is moderately wounded.
You feel sick. The ribbon worm misses you.
You shoot an arrow. The arrow hits the ribbon worm.
The ribbon worm is heavily wounded.
You feel sick. The ribbon worm bites you.
You shoot an arrow.
The arrow barely misses the ribbon worm.
You feel sick.
You shoot an arrow. The arrow hits the ribbon worm.
The ribbon worm is severely wounded.
You feel sick. The ribbon worm closely misses you.
You shoot an arrow. The arrow hits the ribbon worm.
The ribbon worm is almost dead.
You die...

#### ### ##... ..#
...# #.# ###..####.#
.........########
#.)# #.........#
#.##.#w@####.######.#
#..........%.# #.#
####.#########
####.### ..
#########......# ##
#.......#.##.#.#
#.......#.##.#.#
#...............#
#=......#.###...#
#.......#... ...#


You could see a ribbon worm.

Vanquished Creatures
  Terence (D:2)
  An adder (D:2)
  3 ribbon worms (D:2)
  A dart slug (D:1)
  2 ball pythons
  2 endoplasms
  3 giant cockroaches
  2 goblins (D:1)
  6 hobgoblins
  3 jackals (D:1)
  2 quokkas (D:1)
  2 bats (D:1)
  2 frilled lizards (D:2)
  5 kobolds (D:1)
  A rat (D:1)
36 creatures vanquished.

Notes
Turn   | Place    | Note
-------+----------+-------------------------------------------
     0 | D:1      | qw the Spriggan Hunter began the quest for the Orb.
     0 | D:1      | Reached XP level 1. HP: 10/10 MP: 2/2
     0 | D:1      | 0 ||| qw: Version: 0.3-a-157-g843a77d
     0 | D:1      | 0 ||| qw: Game counter: 3892
     0 | D:1      | 0 ||| qw: Melee chars always use a shield: true
     0 | D:1      | 0 ||| qw: God list: Okawaru
     0 | D:1      | 0 ||| qw: Allow faded altars: false
     0 | D:1      | 0 ||| qw: Do Orc after clearing Dungeon:15 true
     0 | D:1      | 0 ||| qw: Do second Lair branch before Depths: true
     0 | D:1      | 0 ||| qw: Lair rune preference: random
     0 | D:1      | 0 ||| qw: Goals: Normal
     0 | D:1      | 0 ||| PLANNING D:1-11
    36 | D:1      | Reached skill level 3 in Dodging
   349 | D:1      | Reached XP level 2. HP: 14/14 MP: 3/3
   590 | D:1      | Reached XP level 3. HP: 18/18 MP: 4/4
   620 | D:1      | Found Vamp's Assorted Antiques.
   623 | D:1      | 623 ||| SHOPLISTING scroll labelled PIOLAH AQEISER (18
                  | gold, have 17).
   623 | D:1      | 623 ||| SHOPLISTING scroll labelled PISINN IDWASH (18 gold,
                  | have 17).
   623 | D:1      | 623 ||| SHOPLISTING scroll labelled SUIFAN MEROUBB (18
                  | gold, have 17).
   623 | D:1      | 623 ||| SHOPLISTING vibrating brass ring (90 gold, have
                  | 17).
   926 | D:1      | 926 ||| UPGRADING to +0 cloak.
   931 | D:1      | 931 ||| UPGRADING to ring of protection from cold.
   932 | D:1      | 932 ||| UPGRADING to +4 ring of protection.
   933 | D:1      | 933 ||| READING scroll labelled VEQUAS NIOME.
   933 | D:1      | 933 ||| ENCHANTING +0 shortbow.
   934 | D:1      | 934 ||| READING scroll labelled VUDANI HECEE.
   935 | D:1      | 935 ||| READING scroll labelled GOIDEI QORPH.
   936 | D:1      | 936 ||| DRINKING 2 fuming green potions.
   937 | D:1      | 937 ||| DROPPING scroll of butterflies.
   939 | D:1      | 939 ||| Stepping ~*~*~tactically~*~*~ (cloud).
   946 | D:1      | HP: 4/18 [poisoned by you (poison gas)]
  1075 | D:2      | Found a faded altar of an unknown god.
  1294 | D:2      | 1294 ||| READING scroll of enchant weapon.
  1294 | D:2      | 1294 ||| ENCHANTING +1 shortbow.
  1362 | D:2      | Reached skill level 5 in Ranged Weapons
  1407 | D:2      | Noticed Terence
  1417 | D:2      | Killed Terence
  1418 | D:2      | Reached XP level 4. HP: 10/22 MP: 5/5
  1420 | D:2      | HP: 4/22 [poisoned by Terence]
  1421 | D:2      | HP: 1/22 [poisoned by Terence]
  1423 | D:2      | Succumbed to Terence's poison

Levels and vault maps discovered:
D:1:      dpeg_arrival_houses_and_road, layout_basic, serial_shops,
          nicolae_shop_real_fake_doors, minmay_tromino_v4_c
D:2:      layout_loops_cross, ebering_ecumenical_altar_ruins, st_stairs_10,
          small_statue_intersection, uniq_terence

Skill      XL: |  1  2  3 |
---------------+----------+-----
Dodging        | 3 4 |  4.6
Ranged Weapons | 5 |  5.0
Fighting       | |  1.5
Stealth        | |  1.5

Action                     |  1- 3 |  4- 6 || total
---------------------------+-------+-------++-------
   Fire: Shortbow          |   115 |     5 ||   120
    Use: Scroll            |     4 |       ||     4
         Potion            |     1 |       ||     1
 Armour: Robe              |     9 |     1 ||    10
  Dodge: Dodged            |    27 |     3 ||    30

Table legend:
 A = Non-vault XP
 B = Vault XP
 C = Vault XP percentage of total XP
 D = Non-vault monster count
 E = Vault monster count
 F = Vault count percentage of total count
                 A         B        C        D         E       F
            +---------+---------+-------+---------+---------+-------
      Total |      79 |      43 |  35.2 |      32 |       4 |  11.1
            +---------+---------+-------+---------+---------+-------
        D:1 |      44 |       4 |   8.3 |      24 |       1 |   4.0
        D:2 |      35 |      39 |  52.7 |       8 |       3 |  27.3
            +---------+---------+-------+---------+---------+-------
